 Dungeon Crawl Stone Soup version 0.21-a0-264-g3e31e41 (webtiles) character file.

37776 sveltemanboy the Cleaver (level 13, -3/88 HPs)
             Began as a Demonspawn Monk on Sept 8, 2017.
             Was a High Priest of Ru.
             Slain by a black mamba (7 damage)
             ... on level 4 of the Lair of Beasts on Sept 9, 2017.
             The game lasted 00:58:36 (17418 turns).

sveltemanboy the Cleaver (Demonspawn Monk)         Turns: 17418, Time: 00:58:36

Health: -3/88      AC: 20    Str: 16    XL:     13   Next: 60%
Magic:  0/18       EV: 10    Int: 23    God:    Ru [*****.]
Gold:   903        SH:  7    Dex: 18    Spells: 12/12 levels left

rFire    + . .     SeeInvis +   x - +5 eveningstar (crush)
rCold    . . .     Gourm    .   y - +1 buckler
rNeg     + + .     Faith    .   S - +12 plate armour of the Comet {rF+ SInv}
rPois    +         Spirit   +   E - +1 hat {MR+}
rElec    .         Reflect  .   h - scarf {repulsion}
rCorr    .         Harm     .   d - +0 pair of gloves
MR       ++...     Clarity  +   R - -1 pair of boots "Giuty" {rN+ MR+ Dex-2 Stlth+}
Stlth    ..........             K - amulet of guardian spirit
HPRegen  1.24/turn              A - ring of Gomudwu {*Corrode +Fly rPois Int+7 Stlth+}
MPRegen  0.16/turn              D - ring of positive energy

@: lethally poisoned (-3 -> -4), exhausted, no potions, corroded, no scrolls,
repel missiles
A: hooves 1, agile 2, clarity, clever 2, deterioration 1, powered by death 2,
powered by pain 1, shaggy fur 1, no potion heal 1, subdued magic 1, inability to
drink while threatened, inability to read while threatened, inability to use
devices, no air magic, no hexes magic, no summoning magic, sturdy frame 2
a: Draw Out Power, Power Leap, Apocalypse, Renounce Religion


You were on level 4 of the Lair of Beasts.
You worshipped Ru.
Ru was extremely pleased with you.
You were not hungry.

You visited 3 branches of the dungeon, and saw 16 of its levels.
You also visited: Labyrinth.

You collected 1265 gold pieces.
You spent 362 gold pieces at shops.

Inventory:

Hand Weapons
 x - a +5 eveningstar of crushing (weapon)
Armour
 b - a +2 shield
 d - a +0 pair of gloves (worn)
 h - a scarf of repulsion (worn)
 y - a +1 buckler (worn)
 E - a +1 hat of magic resistance (worn)
 R - the -1 pair of boots "Giuty" (worn) {rN+ MR+ Dex-2 Stlth+}
   (You found it on level 11 of the Dungeon)

   It affects your dexterity (-2).
   It protects you from negative energy.
   It affects your resistance to hostile enchantments.
   It makes you more stealthy.
 S - the +12 plate armour of the Comet (worn) {rF+ SInv}
   (You found it on level 10 of the Dungeon)

   It protects you from fire.
   It lets you see invisible.
Jewellery
 A - the ring of Gomudwu (left hand) {*Corrode +Fly rPois Int+7 Stlth+}
   (You took it off a gnoll on level 6 of the Dungeon)

   [ring of flight]

   It affects your intelligence (+7).
   It protects you from poison.
   It lets you fly.
   It may corrode you when you take damage.
   It makes you more stealthy.
 D - a ring of positive energy (right hand)
 I - an uncursed ring of ice
 K - an amulet of guardian spirit (around neck)
Scrolls
 a - 5 scrolls of amnesia
 g - 2 scrolls of identify
 i - 6 scrolls of teleportation
 l - 6 scrolls of remove curse
 m - a scroll of blinking
 n - 4 scrolls of fear
 v - 2 scrolls of enchant armour
 Q - a scroll of fog
Potions
 e - 2 potions of flight
 k - 3 potions of haste {unknown}
 p - a potion of agility
 q - 7 potions of curing
 r - a potion of heal wounds {unknown}
 t - 2 potions of berserk rage
 u - a potion of ambrosia
 z - 2 potions of brilliance
 B - a potion of lignification
 F - a potion of resistance
 G - a potion of cancellation
 T - a potion of might
Comestibles
 c - 2 bread rations
 f - 7 royal jellies
 j - 2 chunks of flesh
 o - 10 meat rations
 O - 32 fruits


   Skills:
 - Level 4.0 Fighting
   Level 14.4(15.2) Axes
 * Level 8.7(12.6) Maces & Flails
 - Level 7.0 Armour
 - Level 6.5 Dodging
 - Level 1.7 Stealth
 + Level 6.7 Shields
   Level 0.0 Evocations


You had 12 spell levels left.
You didn't know any spells.

Dungeon Overview and Level Annotations

Branches:
Dungeon (11/15)            Temple (1/1) D:5            Lair (4/6) D:11
  Snake (0/4) Lair:2          Orc (0/2) D:9
  Swamp: Lair:2-4    Shoals: Lair:2-4

Altars:
Ashenzari
Dithmenos
Fedhas
Hepliaklqana
Makhleb
Okawaru
Ru
Sif Muna
Uskayaw
Wu Jian
Xom
Yredelemnul
The Shining One

Shops:
D:9 [

Annotations:
Lair:4 exclusion: oklob plant


Innate Abilities, Weirdness & Mutations

You have large cloven feet.
You regenerate health from kills.
You sometimes gain a little power by taking damage.
You cannot drink potions while threatened.
You cannot read scrolls while threatened.
You cannot study or use magical devices.
You cannot study or cast Air magic.
You cannot study or cast Hexes magic.
You cannot study or cast Summoning magic.
Your movements are less encumbered by armour. (ER -4)
You are very agile. (Dex +4)
You possess an exceptional clarity of mind.
Your mind is very acute. (Int +4)
Your body sometimes deteriorates upon taking damage.
You are covered in fur. (AC +1)
Potions are less effective at restoring your health.
Your spells are a little easier to cast, but a little less powerful.


Message History

The black mamba bites you but does no damage.
The oklob plant begins to attack, but is stunned by your will!
You hit the oklob plant but do no damage.
The oklob plant is lightly damaged.
You feel sick. You block the black mamba's attack. The black mamba bites you!
* * * LOW HITPOINT WARNING * * *
Unknown command.
You completely miss the oklob plant.
The oklob plant is lightly damaged.
You feel sick. The black mamba barely misses you.
The oklob plant spits acid at you. The splash of acid hits you!
The acid corrodes you!
You are splashed with acid!
The acid burns!
* * * LOW HITPOINT WARNING * * *
You focus your will and blind the oklob plant in retribution!
The black mamba bites you but does no damage.
You puncture the oklob plant!
The oklob plant is moderately damaged.
You feel sick. The black mamba bites you!
You die...

.# .# ## ###.## #.
#######.#..## ##
#|.[..P...#.# #.
#..[".P..?..## ##+
#.|:.)P......####..
#P@S/.P............
#$%..$P..........#.
#######.#.......###
##........# #
###$##+..# ### ..##
#... #..P# ##..P


You could see an oklob plant (blind) and a black mamba.

Vanquished Creatures
  Gastronok (Lair:3)
  An orc warlord (D:11)
  A minotaur (Lab)
  3 hydras
  Harold (Lair:1)
  4 centaur warriors
  3 two-headed ogres
  3 death yaks (D:11)
  Urug (D:11)
  3 oklob plants (Lair:4)
  6 elephants (Lair:3)
  2 black mambas
  3 gargoyles (Lab)
  4 spiny frogs
  2 centaur skeletons (D:10)
  A rime drake (Lair:2)
  A kobold demonologist (D:11)
  4 komodo dragons
  A troll (D:10)
  A hornet (D:9)
  5 hippogriffs
  A slime creature (Lair:1)
  A shadow (D:11)
  4 wyverns
  Eustachio (D:5)
  19 yaks
  2 nagas (Lair:2)
  4 water moccasins
  6 sky beasts
  A swamp drake (D:9)
  11 porcupines
  18 orc warriors
  2 black bears
  An eye of draining (D:11)
  6 phantoms
  8 centaurs
  3 ogres
  18 wolves
  5 crocodiles
  2 big kobolds (D:10)
  16 bullfrogs
  2 gnoll sergeants
  4 scorpions
  6 killer bees
  4 howler monkeys
  5 wights (D:7)
  An electric eel (Lair:4)
  2 crimson imps
  A quasit (D:10)
  A bullfrog zombie (D:6)
  A bullfrog skeleton (D:10)
  7 orc priests
  4 hounds
  4 jellies (Lair:1)
  8 orc wizards
  4 iguanas
  8 worker ants
  A hell rat (D:11)
  A hound skeleton (D:8)
  A howler monkey zombie (D:7)
  10 gnolls
  A howler monkey skeleton (D:5)
  9 adders
  2 shadow imps (D:8)
  13 oozes (Lair:1)
  An adder skeleton (D:4)
  4 dart slugs
  6 leopard geckos
  38 orcs
  2 giant cockroaches
  7 goblins
  5 hobgoblins
  10 jackals
  17 kobolds
  7 quokkas
  4 ball pythons
  2 bats
  4 frilled lizards
  2 leopard gecko skeletons
  5 rats
  A fungus (Lair:4)
  A plant (Lair:3)
396 creatures vanquished.

Vanquished Creatures (collateral kills)
  4 blink frogs (Lair:3)
  2 wolves (Lair:3)
6 creatures vanquished.

Vanquished Creatures (others)
  A komodo dragon (Lair:3)
  A blink frog (Lair:3)
  An orc warrior (D:11)
  5 fungi (Lair:1)
  A plant (Lair:4)
9 creatures vanquished.

Grand Total: 411 creatures vanquished

Notes
Turn   | Place    | Note
-------+----------+-------------------------------------------
     0 | D:1      | sveltemanboy the Demonspawn Monk began the quest for the Orb.
     0 | D:1      | Reached XP level 1. HP: 18/18 MP: 1/1
   155 | D:1      | Reached skill level 3 in Axes
   384 | D:1      | Gained mutation: Your movements are slightly less encumbered by armour. (ER -2) [demonic ancestry]
   384 | D:1      | Reached XP level 2. HP: 24/24 MP: 2/2
   574 | D:1      | Reached skill level 1 in Armour
  1068 | D:2      | Found a faded altar of an unknown god.
  1255 | D:2      | Gained mutation: Your movements are less encumbered by armour. (ER -4) [demonic ancestry]
  1255 | D:2      | Reached XP level 3. HP: 17/29 MP: 3/3
  1960 | D:3      | Reached XP level 4. HP: 9/35 MP: 4/4
  2339 | D:3      | Reached XP level 5. HP: 18/41 MP: 5/5
  3602 | D:4      | Gained mutation: You have large cloven feet. [demonic ancestry]
  3602 | D:4      | Reached XP level 6. HP: 47/48 MP: 6/6
  3880 | D:4      | Reached skill level 4 in Axes
  4091 | D:5      | Entered Level 5 of the Dungeon
  4101 | D:5      | Noticed Eustachio
  4118 | D:5      | Killed Eustachio
  4118 | D:5      | Gained mutation: You regenerate a little health from kills. [demonic ancestry]
  4118 | D:5      | Reached XP level 7. HP: 49/54 MP: 7/7
  4150 | D:5      | Reached skill level 5 in Axes
  4212 | D:5      | Found a staircase to the Ecumenical Temple.
  4247 | Temple   | Entered the Ecumenical Temple
  4279 | Temple   | Became a worshipper of Ru the Awakened
  4288 | Temple   | Gained mutation: You cannot drink potions while threatened. [Ru sacrifice]
  4288 | Temple   | Reached * piety under Ru
  4579 | D:5      | Reached skill level 6 in Axes
  4960 | D:5      | Reached skill level 1 in Shields
  5284 | D:6      | Got a pitted platinum ring
  5287 | D:6      | Identified the ring of Gomudwu {*Corrode +Fly rPois Int+7 Stlth+} (You took it off a gnoll on level 6 of the Dungeon)
  5325 | D:6      | Reached XP level 8. HP: 56/60 MP: 8/8
  5339 | D:6      | Reached skill level 7 in Axes
  6085 | D:7      | Reached skill level 8 in Axes
  6410 | D:7      | Reached skill level 1 in Evocations
  6410 | D:7      | Reached XP level 9. HP: 64/65 MP: 9/9
  6666 | D:7      | Reached skill level 9 in Axes
  7321 | D:8      | Noticed a two-headed ogre
  7336 | D:8      | Killed a two-headed ogre
  7528 | D:8      | Reached skill level 10 in Axes
  8063 | D:8      | Gained mutation: You regenerate health from kills. [demonic ancestry]
  8063 | D:8      | Reached XP level 10. HP: 52/71 MP: 13/13
  8229 | D:8      | Gained mutation: You are robust. (+10% HP) [mutagenic meat]
  8473 | D:9      | Noticed a two-headed ogre
  8487 | D:9      | Killed a two-headed ogre
  8487 | D:9      | Reached skill level 11 in Axes
  8487 | D:9      | Reached skill level 5 in Evocations
  8782 | D:9      | Found a staircase to the Orcish Mines.
  9076 | D:9      | Got a crude ring mail
  9087 | D:9      | Identified the +0 ring mail of Kequroen {*Corrode MP+9 Int+4} (You found it on level 9 of the Dungeon)
  9130 | D:9      | Gained mutation: You have sharp fingernails. [mutagenic meat]
  9131 | D:9      | Gained mutation: You have supernaturally acute eyesight. (SInv) [mutagenic meat]
  9132 | D:9      | Gained mutation: You have a pair of small horns on your head. [mutagenic meat]
  9551 | D:9      | Reached skill level 12 in Axes
  9813 | D:9      | Noticed a two-headed ogre
  9827 | D:9      | Killed a two-headed ogre
  9834 | D:9      | Lost mutation: You have a pair of small horns on your head. [potion of mutation]
  9834 | D:9      | Lost mutation: You are robust. (+10% HP) [potion of mutation]
  9834 | D:9      | Lost mutation: You have supernaturally acute eyesight. (SInv) [potion of mutation]
  9834 | D:9      | Lost mutation: You have sharp fingernails. [potion of mutation]
  9834 | D:9      | Gained mutation: You evolve. [potion of mutation]
  9834 | D:9      | Gained mutation: Your mind is acute. (Int +2) [potion of mutation]
  9834 | D:9      | Gained mutation: You have a pair of small antennae on your head. [potion of mutation]
  9835 | D:9      | Lost mutation: You have a pair of small antennae on your head. [potion of mutation]
  9835 | D:9      | Lost mutation: Your mind is acute. (Int +2) [potion of mutation]
  9835 | D:9      | Lost mutation: You evolve. [potion of mutation]
  9835 | D:9      | Gained mutation: You are covered in fur. (AC +1) [potion of mutation]
  9835 | D:9      | Gained mutation: Your body sometimes deteriorates upon taking damage. [potion of mutation]
  9835 | D:9      | Gained mutation: Your mind is acute. (Int +2) [potion of mutation]
  9858 | D:9      | Gained mutation: You sometimes gain a little power by taking damage. [demonic ancestry]
  9858 | D:9      | Reached XP level 11. HP: 70/77 MP: 16/16
 10021 | D:9      | Found Zasaic's Antique Armour Boutique.
 10032 | D:9      | Bought a glowing scarf for 232 gold pieces
 10032 | D:9      | Bought a pair of boots for 130 gold pieces
 10087 | D:9      | Found a glowing golden altar of the Shining One.
 10144 | D:10     | Entered Level 10 of the Dungeon
 10201 | D:10     | Gained mutation: You have supernaturally acute eyesight. (SInv) [mutagenic meat]
 10202 | D:10     | Lost mutation: You have supernaturally acute eyesight. (SInv) [mutagenic meat]
 10203 | D:10     | Gained mutation: Your mind is very acute. (Int +4) [mutagenic meat]
 10256 | D:10     | Noticed a centaur warrior
 10262 | D:10     | Killed a centaur warrior
 10328 | D:10     | Gained mutation: Potions are less effective at restoring your health. [mutagenic meat]
 10329 | D:10     | Gained mutation: You are agile. (Dex +2) [mutagenic meat]
 10330 | D:10     | Gained mutation: Your spells are a little easier to cast, but a little less powerful. [mutagenic meat]
 10331 | D:10     | Gained mutation: You possess an exceptional clarity of mind. [mutagenic meat]
 10332 | D:10     | Gained mutation: You are very agile. (Dex +4) [mutagenic meat]
 10389 | D:10     | Got a heavily runed plate armour
 10400 | D:10     | Identified the +12 plate armour of the Comet {rF+ SInv} (You found it on level 10 of the Dungeon)
 10902 | D:10     | Reached skill level 13 in Axes
 11060 | D:11     | Found a labyrinth entrance.
 11069 | Lab      | Entered a labyrinth
 11945 | Lab      | Noticed a minotaur
 11954 | Lab      | Killed a minotaur
 11954 | Lab      | Reached skill level 5 in Armour
 12153 | D:11     | Noticed a death yak
 12157 | D:11     | Noticed a death yak
 12159 | D:11     | Noticed a death yak
 12160 | D:11     | Killed a death yak
 12160 | D:11     | Reached skill level 5 in Dodging
 12163 | D:11     | Killed a death yak
 12186 | D:11     | Killed a death yak
 12294 | D:11     | Found a staircase to the Lair.
 12344 | D:11     | Got a pair of polished boots
 12355 | D:11     | Identified the cursed -1 pair of boots "Giuty" {rN+ MR+ Dex-2 Stlth+} (You found it on level 11 of the Dungeon)
 12449 | D:11     | Reached XP level 12. HP: 82/83 MP: 17/17
 12721 | D:11     | Noticed Urug
 12729 | D:11     | Killed Urug
 12819 | D:11     | Gained mutation: You cannot read scrolls while threatened. [Ru sacrifice]
 12819 | D:11     | Reached ** piety under Ru
 12861 | D:11     | Found an iron altar of Okawaru.
 12861 | D:11     | Noticed an orc warlord
 13224 | D:11     | Noticed a centaur warrior
 13225 | D:11     | Noticed a centaur warrior
 13246 | D:11     | Killed a centaur warrior
 13246 | D:11     | Reached skill level 14 in Axes
 13249 | D:11     | Noticed a centaur warrior
 13262 | D:11     | Killed a centaur warrior
 13267 | D:11     | Killed a centaur warrior
 13556 | D:11     | Killed an orc warlord
 13733 | Lair:1   | Entered Level 1 of the Lair of Beasts
 13739 | Lair:1   | Reached skill level 1 in Maces & Flails
 13963 | Lair:1   | Noticed Harold
 13980 | Lair:1   | Killed Harold
 14560 | Lair:2   | Gained mutation: You cannot study or cast Air magic. [Ru sacrifice]
 14560 | Lair:2   | Gained mutation: You cannot study or cast Hexes magic. [Ru sacrifice]
 14560 | Lair:2   | Gained mutation: You cannot study or cast Summoning magic. [Ru sacrifice]
 14560 | Lair:2   | Reached *** piety under Ru
 14580 | Lair:2   | Noticed a seven-headed hydra
 14593 | Lair:2   | Killed a seven-headed hydra
 14593 | Lair:2   | Reached skill level 5 in Maces & Flails
 14697 | Lair:2   | Found a staircase to the Snake Pit.
 15498 | Lair:3   | Got a garnet-studded chain mail
 15512 | Lair:3   | Identified the +1 chain mail "Nuefrimo" {MR+ Str+3} (You found it on level 3 of the Lair of Beasts)
 15658 | Lair:3   | Reached XP level 13. HP: 86/88 MP: 18/18
 15688 | Lair:3   | Reached skill level 5 in Shields
 15882 | Lair:3   | Identified Sidyul's Volume of Mutagenic Poisoning
 16294 | Lair:3   | Noticed Gastronok
 16303 | Lair:3   | Killed Gastronok
 16304 | Lair:3   | Gained mutation: You cannot study or use magical devices. [Ru sacrifice]
 16304 | Lair:3   | Reached **** piety under Ru
 16304 | Lair:3   | Reached ***** piety under Ru
 17393 | Lair:4   | Found the +9 staff of Olgreb {rPois}
 17417 | Lair:4   | HP: 4/88 [acid (8)]
 17418 | Lair:4   | Slain by a black mamba

Vault maps used:
D:1:      eino_arrival_water_cross
D:2:      chequers_ecumenical_altar_grove
D:3:      first_bread
D:5:      temple_pool_b, uniq_eustachio
D:7:      kennysheep_generic_room_15
D:9:      tso_altar, erik_orc_1, serial_shops, nicolae_shop_stone
D:11:     evilmike_iron_armoury, dpeg_lair_monsters, serial_glass,
          glass_columns_a, glass_columns_a, lab_entry_generic, uniq_urug
Temple:   compressed_dpeg_circular_temple
Lair:1:   lemuel_slime, uniq_harold
Lair:2:   guppyfry_snake_entry_garden, serial_bayou_shore_b, grunt_megastairs_3,
          serial_bayou_shore_b
Lair:3:   grunt_forest_large_clearings, uniq_gastronok
Lair:4:   minmay_shoals_entry_lonely_mermaid, serial_bayou_shore_b,
          minmay_lair_oklob_chamber, infiniplex_staircase_pool,
          serial_bayou_shore_b
Lab:      nicolae_lab_grate

Skill      XL: |  1  2  3  4  5  6  7  8  9 10 11 12 13 |
---------------+----------------------------------------+-----
Axes           | 3 4 6 8 10 12 13 14 | 14.4
Armour         | 1 2 3 4 5 7 |  7.0
Dodging        | 3 5 6 |  6.5
Fighting       | 4 |  4.0
Shields        | 1 4 6 |  6.7
Evocations     | 1 4 7 0 |  0.0
Maces & Flails | 5 8 |  8.7
Stealth        | |  1.7

Action                   |  1- 3 |  4- 6 |  7- 9 | 10-12 | 13-15 || total
-------------------------+-------+-------+-------+-------+-------++-------
Melee: Hand axe          |   116 |    63 |       |       |       ||   179
       Morningstar       |       |    31 |       |       |       ||    31
       War axe           |       |    65 |   372 |   635 |       ||  1072
       Kick              |       |    11 |   110 |    55 |       ||   176
       Headbutt          |       |       |       |    20 |       ||    20
       Eveningstar       |       |       |       |   167 |   260 ||   427
Invok: Sacrifice Drink   |       |       |     1 |       |       ||     1
       Reject Sacrifices |       |       |     1 |       |       ||     1
       Sacrifice Words   |       |       |       |     1 |       ||     1
       Sacrifice Arcana  |       |       |       |     1 |       ||     1
       Power Leap        |       |       |       |       |     1 ||     1
       Sacrifice Artific |       |       |       |       |     1 ||     1
Evoke: Wand              |       |       |     4 |    33 |     3 ||    40
       Sack of spiders   |       |       |       |       |     2 ||     2
  Use: Scroll            |       |       |     7 |    15 |     3 ||    25
       Potion            |       |       |       |     6 |       ||     6
 Stab: Sleeping          |     1 |       |       |     1 |       ||     2
       Confused          |       |       |     1 |     7 |     1 ||     9
       Distracted        |       |       |       |     2 |     2 ||     4
       Invisible         |       |       |       |       |     1 ||     1
       Paralysed         |       |       |       |       |     1 ||     1
  Eat: Chunk             |     3 |     7 |    11 |    34 |     6 ||    61
       Royal jelly       |       |       |     1 |       |       ||     1
       Fruit             |       |       |     1 |     3 |       ||     4
Armor: Robe              |     3 |       |       |       |       ||     3
       Leather armour    |     8 |       |       |       |       ||     8
       Ring mail         |    27 |    13 |       |       |       ||    40
       Chain mail        |       |    79 |   119 |    55 |       ||   253
       Scale mail        |       |       |    13 |    16 |       ||    29
       Plate armour      |       |       |       |   246 |   137 ||   383
Dodge: Dodged            |    68 |   122 |   145 |   254 |    97 ||   686
       Deflected         |       |       |       |     8 |     2 ||    10
Block: Buckler           |       |       |    19 |   164 |    92 ||   275

Table legend:
 A = Spawn XP
 B = Non-spawn XP
 C = Spawn XP percentage of total XP
 D = Spawn monster count
 E = Non-spawn monster count
 F = Spawn count percentage of total count
 G = Total turns spent on level
                    A         B        C        D         E        F      G
               +---------+---------+-------+---------+---------+-------+---------
         Total |       0 |   53966 |   0.0 |       0 |     402 |   0.0 | 17418
               +---------+---------+-------+---------+---------+-------+---------
           D:1 |       0 |      31 |   0.0 |       0 |      15 |   0.0 |   868
           D:2 |       0 |      40 |   0.0 |       0 |      11 |   0.0 |   994
           D:3 |       0 |     228 |   0.0 |       0 |      23 |   0.0 |  1340
           D:4 |       0 |     281 |   0.0 |       0 |      21 |   0.0 |   889
           D:5 |       0 |     664 |   0.0 |       0 |      20 |   0.0 |  1098
           D:6 |       0 |    1117 |   0.0 |       0 |      23 |   0.0 |   875
           D:7 |       0 |    1092 |   0.0 |       0 |      24 |   0.0 |  1164
           D:8 |       0 |    2325 |   0.0 |       0 |      26 |   0.0 |  1193
           D:9 |       0 |    5344 |   0.0 |       0 |      44 |   0.0 |  1680
          D:10 |       0 |    4052 |   0.0 |       0 |      39 |   0.0 |   849
          D:11 |       0 |   12526 |   0.0 |       0 |      47 |   0.0 |  1844
        Lair:1 |       0 |    3301 |   0.0 |       0 |      26 |   0.0 |   700
        Lair:2 |       0 |    2663 |   0.0 |       0 |      11 |   0.0 |  1053
        Lair:3 |       0 |   13063 |   0.0 |       0 |      53 |   0.0 |  1090
        Lair:4 |       0 |    4905 |   0.0 |       0 |      15 |   0.0 |   842
           Lab |       0 |    2334 |   0.0 |       0 |       4 |   0.0 |   896
               +---------+---------+-------+---------+---------+-------+---------
